 Dungeon Crawl Stone Soup version 0.21-a0-94-gdd6ab6a (webtiles) character file.

8038 hairmachine the Archer (level 11, -1/95 HPs)
             Began as a Centaur Hunter on July 1, 2017.
             Was a High Priest of Okawaru.
             Slain by Gorglomux's ghost (2 damage)
             ... on level 1 of the Lair of Beasts.
             The game lasted 00:50:16 (12015 turns).

hairmachine the Archer (Centaur Hunter)            Turns: 12015, Time: 00:50:17

Health: -1/95      AC: 16    Str: 15    XL:     11   Next: 4%
Magic:  11/11      EV:  6    Int: 10    God:    Okawaru [*****.]
Gold:   298        SH:  0    Dex: 13    Spells: 10/10 levels left

rFire    . . .     SeeInvis .   K - +2 great sword (holy)
rCold    + . .     Gourm    .   (shield currently unavailable)
rNeg     . . .     Faith    .   p - +0 ring mail
rPois    .         Spirit   .   k - +0 helmet
rElec    .         Reflect  .   (no cloak)
rCorr    .         Harm     .   (no gloves)
MR       .....                  l - +1 centaur barding
Stlth    ++........             n - amulet of regeneration
HPRegen  0.65/turn              e - ring of protection from cold
MPRegen  0.12/turn              y - +4 ring of protection

@: very quick
A: hooves 3, deformed body, speed 2, tough skin 3, subdued magic 1
a: Heroism, Finesse, Renounce Religion


You were on level 1 of the Lair of Beasts.
You worshipped Okawaru.
Okawaru was extremely pleased with you.
You were not hungry.

You visited 2 branches of the dungeon, and saw 11 of its levels.

You collected 394 gold pieces.
You spent 96 gold pieces at shops.

Inventory:

Hand Weapons
 a - a +1 shortbow
 C - a +0 spear of venom
 K - a +2 great sword of holy wrath (weapon)
 N - a +1 halberd of flaming
Missiles
 d - 104 arrows
 M - a throwing net (quivered)
Armour
 k - a +0 helmet (worn)
 l - a +1 centaur barding (worn)
 p - a +0 ring mail (worn)
Jewellery
 e - a ring of protection from cold (left hand)
 n - an amulet of regeneration (around neck)
 y - a +4 ring of protection (right hand)
 I - an uncursed ring of flight
Wands
 x - a wand of polymorph (16/24)
 P - a wand of acid (2/15)
Scrolls
 c - 3 scrolls of recharging
 i - a scroll of identify
 m - a scroll of blinking
 r - 4 scrolls of fear
 t - a scroll of enchant armour
 A - a scroll of immolation {unknown}
 B - 6 scrolls of teleportation
 E - a scroll of brand weapon {unknown}
 F - a scroll of summoning {unknown}
 J - a scroll of fog {unknown}
 L - a scroll of random uselessness {unknown}
 O - a scroll of remove curse
Potions
 b - 5 potions of lignification
 g - a potion of magic
 j - a potion of resistance
 o - a potion of brilliance
 q - a potion of berserk rage
 s - 3 potions of curing
 u - a potion of mutation
 v - a potion of might
 w - 2 potions of heal wounds
 z - 2 potions of invisibility
 D - 2 potions of flight
Comestibles
 f - 11 bread rations
 h - 6 meat rations
 G - a royal jelly
 H - 4 chunks of flesh


   Skills:
 + Level 8.9 Fighting
 + Level 3.0 Polearms
 - Level 14.1 Bows
 + Level 1.5 Armour
 - Level 1.4 Dodging
 - Level 6.5 Stealth


You had 10 spell levels left.
You didn't know any spells.

Dungeon Overview and Level Annotations

Branches:
Dungeon (10/15)            Temple (0/1) D:4            Lair (1/6) D:10
    Orc: D:9-12

Altars:
Ashenzari
Elyvilon
Gozag
Hepliaklqana
Kikubaaqudgha
Okawaru
Qazlal
Ru
Sif Muna
Trog
Uskayaw
Yredelemnul
Zin

Shops:
D:6 (   D:8 !

Annotations:
D:8 Gastronok
Lair:1 Gorglomux's ghost, journeyman HOGl


Innate Abilities, Weirdness & Mutations

You have hooves in place of feet.
Armour fits poorly on your strangely shaped body.
You cover ground very quickly.
You have extremely tough skin. (AC +3)
Your spells are a little easier to cast, but a little less powerful.


Message History

Gorglomux's ghost stares at you.
Gorglomux's ghost hits you but does no damage.
You slash Gorglomux's ghost!
Gorglomux's ghost convulses!
Gorglomux's ghost is almost destroyed.
Gorglomux's ghost hits you! Gorglomux's ghost freezes you.
Gorglomux's ghost hits you! Gorglomux's ghost freezes you.
You closely miss Gorglomux's ghost.
Gorglomux's ghost is almost destroyed.
Gorglomux's ghost hits you!
* * * LOW HITPOINT WARNING * * *
Gorglomux's ghost freezes you.
* * * LOW HITPOINT WARNING * * *
Gorglomux's ghost hits you but does no damage.
You see here a spiny frog corpse.
You hit the bush. You kick the bush, but do no damage.
The bush is lightly damaged.
Gorglomux's ghost hits you!
* * * LOW HITPOINT WARNING * * *
Gorglomux's ghost freezes you.
You die...

#.....# #.....#
#.....# #.....##
#......####.
#...........
#...........
#....P##.### #.....
#...@P# ## #....#
#...W## #....# #....#
#....# #....# #....#
#...(# ### ####....#
#....####.###P##....#
##.......((((..(......
#..!......###PP...(...
#....(....# ###.......


You could see Gorglomux's ghost.

Vanquished Creatures
  3 two-headed ogres
  A spiny frog (Lair:1)
  A komodo dragon (D:10)
  2 trolls
  A hornet (D:9)
  4 yaks
  A hungry ghost (D:9)
  A water moccasin (D:10)
  An ice beast (D:5)
  A sky beast (D:10)
  A black bear (D:8)
  2 phantoms
  2 eyes of draining
  3 orc warriors
  The ghost of hairmachine the Archer, an amateur CeHu (D:4)
  4 ogres
  3 centaurs
  A big kobold (D:7)
  3 bullfrogs
  A scorpion (D:7)
  4 killer bees
  4 howler monkeys
  5 crimson imps
  8 orc priests
  3 hounds
  2 jellies
  4 centaur skeletons
  A bullfrog skeleton (D:5)
  Jessica (D:2)
  4 iguanas
  11 orc wizards
  5 worker ants
  A killer bee zombie (D:7)
  2 hound zombies
  A howler monkey skeleton (D:8)
  13 adders
  10 gnolls
  A shadow imp (D:6)
  3 adder skeletons
  A worm (D:2)
  2 dart slugs
  5 leopard geckos
  44 orcs
  19 giant cockroaches
  4 goblins
  4 hobgoblins
  16 jackals
  10 kobolds
  2 quokkas (D:4)
  8 bats
  2 frilled lizards
  A jackal skeleton (D:8)
  6 rats
244 creatures vanquished.

Vanquished Creatures (others)
  3 plants (D:10)
3 creatures vanquished.

Grand Total: 247 creatures vanquished

Notes
Turn   | Place    | Note
-------+----------+-------------------------------------------
     0 | D:1      | hairmachine the Centaur Hunter began the quest for the Orb.
     0 | D:1      | Reached XP level 1. HP: 17/17 MP: 1/1
   725 | D:1      | Reached XP level 2. HP: 24/24 MP: 2/2
   872 | D:1      | Reached skill level 6 in Bows
  1372 | D:2      | Reached XP level 3. HP: 29/29 MP: 3/3
  1596 | D:2      | Reached skill level 1 in Stealth
  1790 | D:2      | Reached skill level 1 in Polearms
  1814 | D:2      | Reached XP level 4. HP: 36/36 MP: 4/4
  1946 | D:2      | Noticed Jessica
  1951 | D:2      | Killed Jessica
  1995 | D:2      | Reached skill level 7 in Bows
  2071 | D:2      | Found an iron altar of Okawaru.
  2215 | D:3      | Reached XP level 5. HP: 40/41 MP: 5/5
  2464 | D:3      | Found an opulent altar of Gozag.
  3158 | D:3      | Reached XP level 6. HP: 43/48 MP: 6/6
  3257 | D:3      | Reached skill level 8 in Bows
  3467 | D:3      | Found a basalt altar of Yredelemnul.
  3536 | D:3      | Found a faded altar of an unknown god.
  3789 | D:2      | Became a worshipper of Warmaster Okawaru
  4027 | D:4      | Found a staircase to the Ecumenical Temple.
  4232 | D:4      | Found an ancient bone altar of Kikubaaqudgha.
  4242 | D:4      | Reached skill level 9 in Bows
  4477 | D:4      | Noticed hairmachine's ghost (amateur CeHu)
  4634 | D:4      | Killed hairmachine's ghost
  4634 | D:4      | Reached XP level 7. HP: 33/55 MP: 7/7
  4845 | D:5      | Entered Level 5 of the Dungeon
  5220 | D:5      | Reached * piety under Okawaru
  5231 | D:5      | Reached skill level 10 in Bows
  5399 | D:5      | Found a shattered altar of Ashenzari.
  5722 | D:5      | Found a bloodstained altar of Trog.
  5791 | D:5      | Found a glowing silver altar of Zin.
  6107 | D:6      | Found a deep blue altar of Sif Muna.
  6126 | D:6      | Noticed a troll
  6242 | D:6      | Killed a troll
  6242 | D:6      | Reached XP level 8. HP: 40/63 MP: 8/8
  6707 | D:6      | Found Pypesoirr's Antique Weapon Boutique.
  6794 | D:6      | Reached ** piety under Okawaru
  7045 | D:7      | Reached skill level 11 in Bows
  7611 | D:7      | Found a white marble altar of Elyvilon.
  7811 | D:7      | Found a sacrificial altar of Ru.
  8145 | D:8      | Noticed Gastronok
  8255 | D:8      | Reached skill level 5 in Fighting
  8269 | D:8      | Reached XP level 9. HP: 74/74 MP: 9/9
  8377 | D:8      | Found a hide-covered altar of Uskayaw.
  8380 | D:8      | Found a hazy altar of Hepliaklqana.
  8383 | D:8      | Found a deep blue altar of Sif Muna.
  8756 | D:8      | Reached *** piety under Okawaru
  9023 | D:8      | Noticed a two-headed ogre
  9175 | D:8      | Killed a two-headed ogre
  9175 | D:8      | Reached skill level 12 in Bows
  9175 | D:8      | Reached skill level 5 in Stealth
  9211 | D:8      | Found a stormy altar of Qazlal.
  9281 | D:8      | Found Rall's Distillery.
  9284 | D:8      | Bought a potion of heal wounds for 60 gold pieces
  9284 | D:8      | Bought a potion of curing for 36 gold pieces
  9557 | D:9      | Paralysed by a hornet for 1 turns
  9708 | D:9      | Noticed a two-headed ogre
  9764 | D:9      | Killed a two-headed ogre
  9764 | D:9      | Reached **** piety under Okawaru
  9764 | D:9      | Received a gift from Okawaru
  9764 | D:9      | Reached skill level 13 in Bows
  9764 | D:9      | Reached XP level 10. HP: 86/86 MP: 4/10
  9898 | D:9      | Noticed a two-headed ogre
 10061 | D:9      | Received a gift from Okawaru
 10654 | D:9      | Killed a two-headed ogre
 10828 | D:10     | Entered Level 10 of the Dungeon
 11067 | D:10     | Reached skill level 14 in Bows
 11082 | D:10     | Found a staircase to the Lair.
 11167 | Lair:1   | Entered Level 1 of the Lair of Beasts
 11167 | Lair:1   | Noticed a spiny frog
 11242 | D:10     | Reached ***** piety under Okawaru
 11251 | D:10     | Gained mutation: Your spells are a little easier to cast, but a little less powerful. [mutagenic meat]
 11266 | D:10     | Found a deep blue altar of Sif Muna.
 11315 | D:10     | Noticed a centaur warrior
 11383 | Lair:1   | Noticed Gorglomux's ghost (journeyman HOGl)
 11641 | D:9      | Reached skill level 1 in Armour
 11806 | Lair:1   | Killed a spiny frog
 11806 | Lair:1   | Reached XP level 11. HP: 11/95 MP: 9/11
 12015 | Lair:1   | HP: 1/95 [Gorglomux's ghost (17)]
 12015 | Lair:1   | Slain by Gorglomux's ghost

Vault maps used:
D:1:      elethiomel_arrival_quiet, minmay_misc_feat_encased
D:2:      marbit_many_paths, st_stairs_3, uniq_jessica
D:3:      minmay_roachtagon, nicolae_overflow_hidden_temple, lemuel_round_altar,
          chequers_ecumenical_altar_grove
D:4:      kiku_gazebo_garden_becter, minmay_temple_entry_junction, first_bread,
          corexii_checkpoint_a, kennysheep_generic_room_7
D:5:      ashenzari_altar_1, lightli_temple_of_fire, old_standard_altar,
          minivault_4
D:6:      serial_shops, nicolae_shop_waterfront, lemuel_blue_sif_altar
D:7:      nicolae_ru_awakened_eye, elyvilon_altar_3
D:8:      nicolae_qazlal_style_of_elements, grunt_temple_overflow_diamond,
          serial_shops, shop, uniq_gastronok
D:9:      grunt_ogre_cave
D:10:     david_lair_shrubbed, basic_altar, special_room, uniq_josephine
Lair:1:   serial_bayou_shore_b, serial_bayou_shore_b

Skill      XL: |  1  2  3  4  5  6  7  8  9 10 11 |
---------------+----------------------------------+-----
Bows           | 6 7 9 10 11 13 14 | 14.1
Stealth        | 1 2 3 4 5 6 |  6.5
Polearms       | 1 2 3 |  3.0
Fighting       | 3 5 7 8 |  8.9
Armour         | 1 |  1.5
Dodging        | |  1.4

Action                   |  1- 3 |  4- 6 |  7- 9 | 10-12 || total
-------------------------+-------+-------+-------+-------++-------
Melee: Short sword       |    11 |       |       |       ||    11
       Dagger            |    35 |    44 |       |       ||    79
       Kick              |     9 |    41 |    58 |    31 ||   139
       Spear             |    40 |    81 |   279 |    44 ||   444
       Halberd           |       |    56 |       |    70 ||   126
       Great sword       |       |       |    11 |    11 ||    22
 Fire: Shortbow          |    30 |    56 |   247 |   183 ||   516
Throw: Throwing net      |       |       |     1 |       ||     1
Invok: Heroism           |       |       |     2 |     1 ||     3
  Use: Scroll            |     1 |     9 |    13 |     3 ||    26
       Potion            |       |       |       |     2 ||     2
 Stab: Sleeping          |       |       |     3 |     1 ||     4
       Held in net/web   |       |       |     1 |       ||     1
       Distracted        |       |       |       |     1 ||     1
  Eat: Chunk             |     1 |     7 |    18 |     7 ||    33
Armor: Leather armour    |    21 |       |       |       ||    21
       Ring mail         |    32 |   106 |   141 |    96 ||   375
Dodge: Dodged            |    37 |    59 |    79 |    49 ||   224
       Rpst.: Great sword |       |       |     3 |       ||     3
